[Event "*** Titled Tuesday Blitz"]
[Site "Chess.com"]
[Date "2021.03.30"]
[Round "2"]
[White "jup1978"]
[Black "Rodalquilar"]
[Result "0-1"]
[WhiteElo "2336"]
[BlackElo "2654"]
[TimeControl "180+1"]
[EndTime "10:17:40 PDT"]
[Termination "Rodalquilar won by resignation"]

1. e4 d5 2. exd5 Qxd5 3. Nc3 Qa5 4. d4 Nf6 5. Bc4 Bg4 6. Nf3 Nc6 7. h3 Bxf3 8. Qxf3 O-O-O 9. d5 Nd4 10. Qd3 e5 11. O-O Kb8 12. Ne2 Qb6 13. c3 Nxe2+ 14.
Qxe2 Bd6 15. Bg5 h6 16. Bxf6 gxf6 17. Qe4 Qxb2 18. Rab1 Qxc3 19. Rfc1 Qd4 20. Qc2 Bc5 21. Ba6 Bb6 22. a4 Rxd5 23. Bxb7 Rc5 24. Qe4 Rxc1+ 25. Rxc1 Qxe4 26. Bxe4 Rd8 27. Rb1 Rd4 28. Bc6 a5 29.
Rb2 Rc4 30. Bb5 Rc1+ 31. Kh2 Ka7 32. g3 c6 33. Bd3 Rc3 34. Be4 Rc4 35. Bf5 Rxa4 36.
Rd2 Rd4 37. Rc2 c5 38. Kg2 a4 39. Ra2 Ka6 40. Bc2 Ka5 41. Bf5 c4 42. Bh7 c3 43.
Bg8 Rd2 44. Ra1 Rxf2+ 45. Kh1 c2 46. Bh7 Be3 0-1

[Event "*** Titled Tuesday Blitz"]
[Site "Chess.com"]
[Date "2021.03.30"]
[Round "2"]
[White "Sjakkerntobi"]
[Black "Tacticus_Severus"]
[Result "1/2-1/2"]
[WhiteElo "2387"]
[BlackElo "2057"]
[TimeControl "180+1"]
[EndTime "10:17:40 PDT"]
[Termination "Game drawn by repetition"]

1. e4 c5 2. Nf3 e6 3. d4 cxd4 4. Nxd4 Nf6 5. Nc3 Nc6 6. Ndb5 d6 7. Bf4 e5 8. Bg5 a6 9. Na3 Be6 10. Bxf6 Qxf6 11. Nc4 Qd8 12. Ne3 Be7 13. Ncd5 Bg5 14.
c3 O-O 15. Bd3 Ne7 16. Nxe7+ Qxe7 17. O-O Bxe3 18. fxe3 Rac8 19. Qf3 Rc6 20. Rad1 b5 21. a3 Rb8 22. Qg3 a5 23. Be2 b4 24. cxb4 axb4 25. Rc1 Rbc8 26. Rxc6 Rxc6 27. axb4 Rc2 28. Bd3 Rxb2 29.
Ra1 g6 30. b5 Kg7 31. h4 h5 32. Qg5 Qxg5 33. hxg5 Rb3 34. Bf1 Bd7 35. Ra7 Bxb5 36.
Bxb5 Rxb5 37. Kf2 d5 38. exd5 Rxd5 39. Kf3 Rb5 40. Rc7 Rb4 41. Re7 Rb5 42. Re8 Ra5 43. Ke4 Ra4+ 44. Kf3 Ra5 45. g3 Rb5 46. Rc8 Ra5 47.
Re8 Rb5 48. Ke4 Rb4+ 49. Kf3 Rb5 1/2-1/2

[Event "*** Titled Tuesday Blitz"]
[Site "Chess.com"]
[Date "2021.03.30"]
[Round "2"]
[White "Omk124"]
[Black "vovachesss"]
[Result "1-0"]
[WhiteElo "2490"]
[BlackElo "2662"]
[TimeControl "180+1"]
[EndTime "10:17:42 PDT"]
[Termination "Omk124 won by checkmate"]

1. e4 e5 2. Nf3 d5 3. Nxe5 Bd6 4. d4 dxe4 5. Nc3 Bxe5 6. dxe5 Qxd1+ 7. Kxd1 Bf5 8. Be3 Nc6 9. Bb5 O-O-O+ 10. Ke1 Nxe5 11. h3 Nf6 12. Ke2 c6 13. Ba4 b5 14.
Bb3 Kb7 15. Rad1 a5 16. Bd4 Nfd7 17. a3 a4 18. Ba2 f6 19. Rhe1 Rhe8 20. Kf1 Ng6 21. g4 Be6 22. Nxe4 Kc7 23. Nd6 Bxa2 24. Nxe8+ Kb8 25. Nd6 Nf4 26. Re7 Bd5 27. Nf7 Bxf7 28. Rxf7 Kc8 29. Be3 Nxh3 30. Rxg7 Ng5 31. Bxg5 fxg5 32.
Rxh7 c5 33. Rg7 b4 34. axb4 cxb4 35. Rxg5 Rf8 36. Rb5 Nf6 37. Rxb4 Nh7 38. Rxa4 Ng5 39. Rc4+ Kb7 40. Rd5 Nh3 41. Rb5+ Ka6 42. Rb3 Rxf2+ 43. Ke1 Ka5 44. Rxh3 Rg2 45. Ra3+ Kb5 46. Rc8 Rh2 47. Rb3+ Ka4 48. Ra8# 1-0

[Event "*** Titled Tuesday Blitz"]
[Site "Chess.com"]
[Date "2021.03.30"]
[Round "2"]
[White "Julianos82"]
[Black "vinniethepooh"]
[Result "0-1"]
[WhiteElo "2389"]
[BlackElo "2649"]
[TimeControl "180+1"]
[EndTime "10:17:45 PDT"]
[Termination "vinniethepooh won by resignation"]

1. d4 Nf6 2. Nf3 d5 3. Bf4 c5 4. e3 Nc6 5. c3 e6 6. Nbd2 cxd4 7. exd4 Nh5 8. Bg5 f6 9. Be3 Bd6 10. Ne5 g6 11. Nxc6 bxc6 12. g3 O-O 13. Bd3 e5 14. O-O Bh3 15. Re1 Qd7 16. c4 Rab8 17. c5 Bc7 18. Rb1 Rfe8 19. b4 Bg4 20. Be2 Bxe2 21.
Rxe2 e4 22. a4 f5 23. f4 exf3 24. Nxf3 f4 25. Bf2 fxg3 26. hxg3 Bxg3 27. Bxg3 Nxg3 28. Rg2 Qh3 29. Rh2 Qf5 30. Rbb2 Re3 31. Ne5 Ne4 32. Rbg2 Re8 33. Qc1 Rb3 34. Kh1 Rb1 35. Qxb1 Ng3+ 36. Rxg3 Qxb1+ 37. Rg1 Qe4+ 38. Rhg2 Qh4+ 39. Rh2 Qxd4 40.
Rhg2 Qxe5 41. b5 cxb5 42. axb5 d4 43. c6 Qxb5 44. c7 Rc8 45. Rc2 Qd7 46. Rgc1 d3 47. Rc3 d2 48. Rd1 Rxc7 49. Rd3 Qxd3 0-1

[Event "*** Titled Tuesday Blitz"]
[Site "Chess.com"]
[Date "2021.03.30"]
[Round "2"]
[White "Pikachess999"]
[Black "Goryachkina"]
[Result "0-1"]
[WhiteElo "2349"]
[BlackElo "2633"]
[TimeControl "180+1"]
[EndTime "10:17:45 PDT"]
[Termination "Goryachkina won by resignation"]

1. e4 c5 2. a3 e6 3. b4 d5 4. exd5 Qxd5 5. Nc3 Qe5+ 6. Be2 cxb4 7. axb4 Bxb4 8. Nf3 Qc7 9. Nb5 Qe7 10. c3 Bd6 11. Nxd6+ Qxd6 12. Ba3 Qc7 13. Qa4+ Nc6 14. Qg4 f5 15. Qh5+ Qf7 16. Qh4 Qf6 17. Qc4 Nge7 18.
d4 O-O 19. O-O Rd8 20. Ne5 Nxe5 21. dxe5 Qf7 22. Bf3 Nc6 23. Bd6 Bd7 24. Rfb1 Rac8 25. Qe2 b6 26. h3 Be8 27. Ra3 Na5 28. Rb4 Bc6 29. Bh5 g6 30. Bf3 Bxf3 31. Qxf3 Nc4 32.
Rxc4 Rxc4 33. Qd3 Rc6 34. Qa6 Rdc8 35. Qxa7 Qxa7 36. Rxa7 Rxc3 37. Re7 b5 38. Rxe6 Rc1+ 39. Kh2 R1c6 40. Re7 Rb6 41. Rd7 b4 42. e6 b3 43.
e7 Re8 44. Rd8 Kf7 45. Rxe8 Kxe8 0-1

[Event "*** Titled Tuesday Blitz"]
[Site "Chess.com"]
[Date "2021.03.30"]
[Round "2"]
[White "lacafi"]
[Black "ExtremeLearner"]
[Result "1-0"]
[WhiteElo "2212"]
[BlackElo "2410"]
[TimeControl "180+1"]
[EndTime "10:17:45 PDT"]
[Termination "lacafi won by checkmate"]

1. d4 d5 2. Nf3 Nf6 3. e3 Bf5 4. Bd3 Bg6 5. O-O e6 6. b3 Nbd7 7. Bb2 Bd6 8. c4 c6 9. Nc3 O-O 10. Bxg6 hxg6 11. Qd3 a5 12. e4 dxe4 13. Nxe4 Nxe4 14.
Qxe4 a4 15. Rfe1 Bb4 16. Red1 a3 17. Bc1 Re8 18. Bd2 Qa5 19. Bxb4 Qxb4 20. Rd3 Rad8 21. Rad1 Nf6 22. Qh4 b5 23. Ng5 bxc4 24. Rf3 Nh5 25. bxc4 c5 26. g4 Qa4 27. Rdd3 Qxc4 28. gxh5 Rd5 29. hxg6 Qc1+ 30. Kg2 Qxg5+ 31. Qxg5 Rxg5+ 32. Kf1 cxd4 33. gxf7+ Kf8 34. fxe8=Q+ Kxe8 35. Rxd4 Rb5 36. Rxa3 Ke7 37. Kg2 g5 38. Ra7+ Kf6 39. a4 Rb2 40. a5 e5 41. Rc4 Kf5 42. a6 e4 43.
Rb7 Rxf2+ 44. Kxf2 e3+ 45. Ke2 g4 46. Rb5+ Ke6 47.
Rc6+ Kd7 48. Rh6 g3 49. a7 g2 50. Rg6 g1=N+ 51. Rxg1 Kc7 52. a8=Q Kd6 53. Qa6+ Kc7 54. Rb7+ Kc8 55. Qa8# 1-0

[Event "*** Titled Tuesday Blitz"]
[Site "Chess.com"]
[Date "2021.03.30"]
[Round "2"]
[White "aunqa"]
[Black "rynos0411"]
[Result "0-1"]
[WhiteElo "2078"]
[BlackElo "2401"]
[TimeControl "180+1"]
[EndTime "10:17:45 PDT"]
[Termination "rynos0411 won by resignation"]

1. e4 c6 2. d4 d5 3. exd5 cxd5 4. c4 Nf6 5. Nc3 Nc6 6. Bg5 h6 7. Bxf6 exf6 8. cxd5 Ne7 9. Qb3 Nf5 10. O-O-O Bd6 11. Nf3 O-O 12. Bd3 a6 13. Kb1 b5 14. Ne4 Bb7 15. Nc5 Bc8 16. Rhe1 Nxd4 17. Nxd4 Bxc5 18. Nf5 Bxf5 19. Bxf5 Qd6 20. Qf3 Rad8 21. Re2 Rfe8 22. Red2 Re5 23. g4 g6 24. Bc2 Kg7 25. h4 h5 26. Bb3 hxg4 27. Qxg4 Rf5 28. f3 Qe5 29. Rg2 Rf4 30. Qg3 Qe3 31. Rc1 Bd6 32. Qf2 Qd3+ 33. Ka1 Rxf3 34. Qg1 Be5 35. Bc2 Qd4 36. Rb1 Qxg1 37.
Rbxg1 Rh3 38. h5 Rxh5 39. a3 Rh2 40. Rxh2 Bxh2 41. Rd1 Be5 42. Ka2 f5 43. Kb3 a5 44.
Bd3 Rxd5 0-1

[Event "*** Titled Tuesday Blitz"]
[Site "Chess.com"]
[Date "2021.03.30"]
[Round "2"]
[White "Duhless"]
[Black "GMRafpig"]
[Result "1-0"]
[WhiteElo "3052"]
[BlackElo "2604"]
[TimeControl "180+1"]
[EndTime "10:17:47 PDT"]
[Termination "Duhless won on time"]

1. d4 Nf6 2. c4 e6 3. Nf3 d5 4. g3 Bb4+ 5. Nbd2 O-O 6. Bg2 b6 7. O-O Bb7 8. b3 Be7 9. Bb2 c5 10. Ne5 cxd4 11. Bxd4 Nc6 12. Nxc6 Bxc6 13. cxd5 Bxd5 14.
e4 Bb7 15. e5 Nd5 16. Ne4 Rc8 17.
Qg4 Kh8 18. Rfd1 Qe8 19. Nf6 gxf6 20. exf6 Bxf6 21. Bxd5 Bxd4 22. Qxd4+ e5 23. Qh4 Bxd5 24. Qf6+ Kg8 25. Rxd5 Rc6 26. Qg5+ Kh8 27. Rxe5 Qd8 28. Qe3 Qf6 29. Re1 Rc2 30. a4 Rc7 31. h4 Rd7 32. Kg2 h6 33. Re8 Rd8 34. Rxf8+ Rxf8 35. Qe4 Rd8 36. Re3 Qd6 37. Rf3 Kg7 38. Qg4+ Qg6 39. Qf4 h5 40. Qe5+ Kg8 41. Rf5 Qc6+ 42. Kh2 Rd1 43.
Qb8+ Kg7 44. Rg5+ 1-0

[Event "*** Titled Tuesday Blitz"]
[Site "Chess.com"]
[Date "2021.03.30"]
[Round "2"]
[White "MaxLeto"]
[Black "GelmanAlexander"]
[Result "0-1"]
[WhiteElo "2363"]
[BlackElo "2647"]
[TimeControl "180+1"]
[EndTime "10:17:47 PDT"]
[Termination "GelmanAlexander won by resignation"]

1. g4 d5 2. Bg2 Bxg4 3. c4 dxc4 4. Bxb7 Nd7 5. Bxa8 Qxa8 6. f3 Bh5 7. Na3 Nb6 8. Nxc4 e6 9. Qb3 Nf6 10. Nxb6 axb6 11. Qb5+ c6 12. Qxb6 Bd6 13. b3 O-O 14. Bb2 Rb8 15. Qd4 Bf8 16. Nh3 c5 17. Qe5 Rd8 18.
Nf4 Bg6 19. h4 Bd6 20. Qe3 Qb8 21. Nxg6 Bg3+ 22. Kd1 hxg6 23. Qxc5 Bf4 24. e3 Bd6 25. Qc4 Nd5 26. Ke2 Bf8 27. h5 gxh5 28. Rxh5 Qg3 29. Qh4 Qg2+ 30. Qf2 Nf4+ 31. exf4 Rxd2+ 32. Kxd2 Qxf2+ 33. Kc1 Qe3+ 34. Kc2 Qe2+ 35. Kc3 Qxf3+ 36. Kc2 Qxh5 37.
Rd1 Qe2+ 38. Rd2 Qe4+ 39. Kc1 Qxf4 40. Kd1 Qf3+ 41. Kc2 Bb4 42. Rd3 Qe2+ 0-1

[Event "*** Titled Tuesday Blitz"]
[Site "Chess.com"]
[Date "2021.03.30"]
[Round "2"]
[White "GMAkobianSTL"]
[Black "fyall777"]
[Result "0-1"]
[WhiteElo "2799"]
[BlackElo "2375"]
[TimeControl "180+1"]
[EndTime "10:17:47 PDT"]
[Termination "fyall777 won by resignation"]

1. d4 d6 2. Nf3 Nf6 3. c4 g6 4.
Nc3 Bg7 5. Bg5 O-O 6. e3 Nbd7 7.
Be2 e5 8. O-O c6 9. Qc2 h6 10.
Bh4 Qe7 11. Rfd1 a6 12. Rac1 e4 13. Nd2 g5 14. Bg3 Re8 15. b4 d5 16. a3 h5 17.
c5 Nf8 18. a4 Ng6 19. b5 axb5 20. axb5 Bg4 21. Ra1 Bxe2 22. Nxe2 h4 23. Bd6 Qe6 24. bxc6 bxc6 25. Nc3 Bf8 26. Bxf8 Rxf8 27. Rxa8 Rxa8 28. Qb2 h3 29. g3 Kg7 30. Ra1 Rxa1+ 31. Qxa1 Ng4 32. Qd1 Ne7 33. Qb3 f5 34. Ne2 Ng6 35.
Qb7+ Kh6 36. Qb8 Qf6 37. Nb3 f4 38. exf4 e3 39. f3 Nf2 40. fxg5+ Qxg5 41. Qc8 Qf6 42. Nbc1 Qxf3 43. Kf1 Qh1+ 44. Ng1 Qg2+ 45. Ke2 Qxg1 46. Kxe3 Qxc1+ 47. Kxf2 Qd2+ 48. Kf3 Qxd4 49. Qxh3+ Kg5 50. Qd7 Ne5+ 0-1

[Event "*** Titled Tuesday Blitz"]
[Site "Chess.com"]
[Date "2021.03.30"]
[Round "2"]
[White "TigrVShlyape"]
[Black "MaevskiyNikolay"]
[Result "1-0"]
[WhiteElo "2796"]
[BlackElo "2528"]
[TimeControl "180+1"]
[EndTime "10:17:49 PDT"]
[Termination "TigrVShlyape won by resignation"]

1. d4 d5 2. Nf3 Nc6 3. Bf4 Bg4 4.
Nbd2 e6 5. e3 Bd6 6. Bg3 Nge7 7.
Bd3 a6 8. O-O Bxg3 9. hxg3 Bf5 10. Bxf5 Nxf5 11. c4 O-O 12. cxd5 exd5 13. Qb3 Rb8 14.
Rac1 Nce7 15. g4 Nd6 16. Ne5 c6 17. g3 Qc8 18. f3 Qe6 19. Rfe1 h6 20. e4 Qf6 21.
Qe3 Rfd8 22. Kg2 Qe6 23. Nb3 Nc4 24. Nxc4 dxc4 25. Nc5 Qd6 26. Rxc4 b5 27. Rc2 Qxd4 28. Qxd4 Rxd4 29. Kf2 a5 30. Nb3 Ra4 31. a3 Rd8 32. Rec1 Kf8 33. Ke3 Ke8 34. Rd2 Rxd2 35. Nxd2 b4 36. Nc4 bxa3 37. bxa3 c5 38. Kd3 Nc6 39. Rc3 Nd4 40. Nb6 Nxf3 41. Nxa4 Ne5+ 42. Ke2 Nxg4 43. Nxc5 Nf6 44. Kf3 g5 45. Rd3 h5 46.
e5 Ng8 47. Ne4 Ne7 48. Nf6+ Kf8 49. Rd8+ Kg7 50. Re8 Nc6 51. Rg8+ Kh6 52. Ke4 Ne7 53. Rh8+ Kg7 54. Rxh5 Kg6 55. g4 Nc6 56. Rh8 Ne7 57. Re8 Nc6 58. Kd5 Na7 59. a4 Kh6 60. Kc5 Kg7 61. Kb6 1-0

[Event "*** Titled Tuesday Blitz"]
[Site "Chess.com"]
[Date "2021.03.30"]
[Round "2"]
[White "eldur16"]
[Black "rasmussvane"]
[Result "1-0"]
[WhiteElo "2593"]
[BlackElo "2899"]
[TimeControl "180+1"]
[EndTime "10:17:50 PDT"]
[Termination "eldur16 won by resignation"]

1. Nf3 d5 2. g3 e6 3. Bg2 Nf6 4. O-O Be7 5. d4 O-O 6. c4 dxc4 7.
Qc2 a6 8. a4 Bd7 9. Qxc4 Bc6 10. Rd1 Nbd7 11. Nc3 Rc8 12. Bg5 h6 13. Bxf6 Nxf6 14.
Qd3 Bxf3 15. Bxf3 c6 16. e4 Qb6 17. a5 Qa7 18. Qc4 Rfd8 19. Kg2 Qb8 20. b4 e5 21.
Na4 Rxd4 22. Rxd4 exd4 23. Qxd4 Qd6 24. Rd1 Qxb4 25. e5 Ne8 26. Nb6 Qxd4 27. Rxd4 Rd8 28. Rxd8 Bxd8 29. Nc4 f5 30. Bh5 g6 31. Bxg6 Ng7 32. f4 Kf8 33. Kf3 Ke7 34. h3 Ke6 35. g4 fxg4+ 36. hxg4 Kd5 37. Bf7+ Kd4 38. f5 h5 39. f6 hxg4+ 40. Kxg4 Ne8 41. Bxe8 Kxc4 42. Kf5 Kd5 43. Bd7 Kc5 44. Bc8 Kd5 45. Bxb7 Kc5 46. Bxa6 Kd5 47. Bb7 Bxa5 48. e6 Kd6 49. e7 Kd7 50.
Bxc6+ Kxc6 51. e8=Q+ 1-0

[Event "*** Titled Tuesday Blitz"]
[Site "Chess.com"]
[Date "2021.03.30"]
[Round "2"]
[White "TosicSrecko"]
[Black "LastHeroJr"]
[Result "0-1"]
[WhiteElo "2312"]
[BlackElo "2560"]
[TimeControl "180+1"]
[EndTime "10:17:51 PDT"]
[Termination "LastHeroJr won by resignation"]

1. d4 Nf6 2. Bg5 d5 3. Bxf6 gxf6 4. e3 c5 5. Nc3 Nc6 6. g3 e6 7. Nf3 Qb6 8. Rb1 Bd7 9. Bh3 O-O-O 10. O-O Qc7 11. Ne2 Kb8 12. c3 Bd6 13. Qd2 h5 14. b4 c4 15. b5 Na5 16. Nf4 b6 17. a4 Rdg8 18. Kh1 Nb3 19. Qe2 Bc8 20. Bg2 Rg4 21. Ng1 f5 22. h4 Be7 23. Ngh3 Bxh4 24. gxh4 Rxh4 25. Rbd1 Rg4 26. Bf3 Rh4 27. Rg1 Re8 28. Rg3 Bb7 29. Rdg1 Qd8 30. Rg5 f6 31.
Rg7 e5 32. dxe5 fxe5 33. Rxb7+ Kxb7 34. Nxd5 Rxh3+ 35. Kg2 Rxf3 36. Qxf3 Kb8 37. e4 fxe4 38. Qxe4 Nd2 39. Qh7 Qxd5+ 40. Kh3 Qf3+ 41. Kh4 Qxf2+ 42. Rg3 Nf1 0-1

[Event "*** Titled Tuesday Blitz"]
[Site "Chess.com"]
[Date "2021.03.30"]
[Round "2"]
[White "Klavdia_Nik"]
[Black "Raud100"]
[Result "0-1"]
[WhiteElo "2017"]
[BlackElo "2387"]
[TimeControl "180+1"]
[EndTime "10:17:52 PDT"]
[Termination "Raud100 won on time"]

1. Nf3 d5 2. c4 c6 3. b3 Nf6 4. Bb2 Bg4 5. Ne5 Bh5 6. g3 e6 7. Bg2 Nbd7 8. Nf3 Bd6 9. O-O O-O 10. d3 Qe7 11. a3 a5 12. Re1 Rfd8 13. Nbd2 b5 14.
Qc2 bxc4 15. bxc4 e5 16. Nh4 Qe6 17. e4 d4 18. c5 Nxc5 19. Nc4 Bf8 20. a4 Rdb8 21.
Ba3 Nfd7 22. Nf3 Bxf3 23. Bxf3 Rb3 24. Be2 Rc3 25. Qd1 Nb3 26. Ra2 Bxa3 27. Rxa3 Ndc5 28.
Bf1 g6 29. h3 h5 30. Ra2 Rb8 31. Qe2 Nc1 32. Qd2 Nxa2 33. Qxa2 Rcb3 34. Nxa5 Nxd3 35. Nxb3 Qxb3 36. Qxb3 Rxb3 37. Rd1 Nb2 38. Rb1 c5 39. a5 d3 40. a6 c4 41. a7 Ra3 42. Rxb2 Rxa7 0-1

[Event "*** Titled Tuesday Blitz"]
[Site "Chess.com"]
[Date "2021.03.30"]
[Round "2"]
[White "esapunov"]
[Black "LileKoridze"]
[Result "1-0"]
[WhiteElo "2730"]
[BlackElo "2501"]
[TimeControl "180+1"]
[EndTime "10:17:53 PDT"]
[Termination "esapunov won by resignation"]

1. c4 e5 2. Nf3 Nc6 3. Nc3 Nf6 4.
e3 d5 5. cxd5 Nxd5 6. Bb5 Nxc3 7. bxc3 Bd6 8. d4 exd4 9. cxd4 O-O 10. O-O Bg4 11. h3 Bh5 12. Bb2 Qf6 13. e4 Qf4 14. e5 Be7 15. Bc1 Qe4 16. Be3 Rfd8 17. g4 Bg6 18.
Rc1 Qd5 19. Bc4 Qd7 20. Qe2 Be4 21. Rcd1 Bd5 22. Bd3 Nb4 23. Bb1 Qa4 24. Rd2 Qc6 25.
Ne1 Bc4 26. Nd3 Qa6 27. Rfd1 Nd5 28. Qf3 Nc3 29. Nf4 Nxd1 30. Rxd1 Bg5 31. Qe4 g6 32.
Nh5 Bxe3 33. Nf6+ Kg7 34. Qxe3 h6 35. h4 Be6 36. h5 Qc4 37. hxg6 fxg6 38. Qe4 Bf7 39. Qe3 Qe6 40. f4 Qb6 41. f5 h5 42.
fxg6 Bxg6 43. Qg5 Rh8 44. Qxg6+ Kf8 45. Nd7+ Ke7 46. Nxb6 Rhg8 47. Qf6+ 1-0

[Event "*** Titled Tuesday Blitz"]
[Site "Chess.com"]
[Date "2021.03.30"]
[Round "2"]
[White "olksuna"]
[Black "RaphCamora"]
[Result "1-0"]
[WhiteElo "2663"]
[BlackElo "2401"]
[TimeControl "180+1"]
[EndTime "10:17:53 PDT"]
[Termination "olksuna won by resignation"]

1. e4 c5 2. Nf3 Nc6 3. d4 cxd4 4. Nxd4 Nf6 5. Nc3 e5 6. Nf5 d5 7. exd5 Bxf5 8. dxc6 Qxd1+ 9. Nxd1 bxc6 10. Ne3 Bg6 11. Nc4 e4 12. Bd2 Bc5 13. Be3 Bxe3 14. Nxe3 O-O 15. O-O-O Rfd8 16. Bc4 Kf8 17. Rxd8+ Rxd8 18. Rd1 Rxd1+ 19. Kxd1 Ke7 20. Kd2 Kd6 21. Kc3 h5 22. a4 Ng4 23. Nxg4 hxg4 24. Kd4 c5+ 25. Ke3 Ke5 26. c3 f5 27. g3 a5 28. b4 cxb4 29.
cxb4 axb4 30. a5 Be8 31. a6 Bc6 32. a7 g5 33. Kd2 f4 34. Be2 f3 35. Bb5 Ba8 36. Bd7 Kd4 37. Bxg4 b3 38. h4 gxh4 39.
gxh4 b2 40. Kc2 Ke5 41. h5 e3 42. fxe3 f2 43. Bh3 Be4+ 44. Kxb2 Kd6 45. h6 Kc7 46. h7 1-0

[Event "*** Titled Tuesday Blitz"]
[Site "Chess.com"]
[Date "2021.03.30"]
[Round "2"]
[White "Grineva_Marianna"]
[Black "PerAsperaAdAstraCB"]
[Result "1-0"]
[WhiteElo "2283"]
[BlackElo "2455"]
[TimeControl "180+1"]
[EndTime "10:17:54 PDT"]
[Termination "Grineva_Marianna won on time"]

1. e4 c6 2. d4 d5 3. e5 c5 4.
dxc5 e6 5. a3 Bxc5 6. Nf3 Ne7 7. b4 Bb6 8. Bd3 a5 9. c3 Ng6 10. O-O Nc6 11. Bg5 Qc7 12. Re1 Bd7 13. b5 Nce7 14. a4 O-O 15. Qe2 Rac8 16. h4 h6 17. Be3 Bxe3 18. Qxe3 Qc5 19. Qd4 Qxd4 20.
cxd4 Nf4 21. Bf1 Nf5 22. Nbd2 h5 23. b6 Rc2 24. Nb3 Bc6 25. Nxa5 Ra8 26. Nxc6 Rxc6 27. a5 Ng6 28. g3 Nge7 29. Reb1 Rc3 30. Kg2 Nc6 31. a6 bxa6 32. Rxa6 Rxa6 33. Bxa6 Ra3 34. Bb5 Na5 35. Bd7 Nb7 36. Bc8 Na5 37. b7 Nxb7 38. Rxb7 Ra2 39. Rb8 Kh7 40. Ng5+ Kg6 41. Bd7 Ne3+ 42.
Kf3 Nd1 43. Nh3 Ra3+ 44. Kg2 Ra7 45. Be8 Nc3 46. Nf4+ Kf5 47. Rb3 Ne4 48. Rf3 g5 49. Nxh5+ Kg6 50. Nf6 gxh4 51. gxh4 1-0

[Event "*** Titled Tuesday Blitz"]
[Site "Chess.com"]
[Date "2021.03.30"]
[Round "2"]
[White "The_filthy"]
[Black "Chessmasterzt"]
[Result "0-1"]
[WhiteElo "2327"]
[BlackElo "2615"]
[TimeControl "180+1"]
[EndTime "10:17:57 PDT"]
[Termination "Chessmasterzt won by resignation"]

1. e4 d6 2. d4 Nf6 3. Nc3 e5 4. Nf3 Nbd7 5. dxe5 dxe5 6. Bg5 c6 7. Qd3 Bc5 8.
O-O-O Qe7 9. Nh4 Nb6 10. Qf3 h6 11. Bxf6 Qxf6 12. Qxf6 gxf6 13. f3 Bb4 14. Nb1 Be6 15.
a3 Bc5 16. Nc3 Be3+ 17. Kb1 Bd4 18. Ne2 Rd8 19. Nxd4 Rxd4 20. Be2 Ke7 21. g3 Rhd8 22. Ng2 a5 23. Ne3 Rxd1+ 24. Rxd1 Rd4 25. c3 Rxd1+ 26.
Bxd1 Nc4 27. Nxc4 Bxc4 28. Kc2 c5 29. Kd2 Kd6 30. Ke3 Ke6 31. f4 f5 32. exf5+ Kxf5 33. Bc2+ Ke6 34. Be4 b6 35. Bb7 f6 36. h4 Bb3 37. Ba8 Kd6 38. Be4 Bc4 39. g4 Be6 40. g5 exf4+ 41. Kxf4 fxg5+ 42. hxg5 hxg5+ 43. Kxg5 Ke5 44. Bc2 Bd5 45. Kg4 Be4 46. Bb3 Bc6 47.
Kg3 Ke4 48. Kf2 Kd3 0-1

[Event "*** Titled Tuesday Blitz"]
[Site "Chess.com"]
[Date "2021.03.30"]
[Round "2"]
[White "Piccadilly123"]
[Black "MalyDominator"]
[Result "0-1"]
[WhiteElo "2300"]
[BlackElo "2483"]
[TimeControl "180+1"]
[EndTime "10:17:57 PDT"]
[Termination "MalyDominator won by resignation"]

1. e4 c5 2. c3 Nf6 3. e5 Nd5 4. d4 cxd4 5. Nf3 Nc6 6. cxd4 d6 7. Bc4 e6 8. O-O Be7 9. Nc3 Nxc3 10. bxc3 dxe5 11. dxe5 Qxd1 12. Rxd1 O-O 13. Bb5 Rd8 14. Be3 Bd7 15. Rab1 Be8 16. Rxd8 Rxd8 17. Bxc6 Bxc6 18. Bxa7 Ra8 19. Be3 Rxa2 20. Nd4 Be4 21. Rd1 h6 22. f3 Bd5 23. Nb5 Rb2 24. Nd6 Rc2 25. c4 Bxc4 26. Nxc4 Rxc4 27. Rd7 Bc5 28. Bxc5 Rxc5 29. Rxb7 Rxe5 30.
g4 Re2 31. h4 g6 32. Rb5 Kg7 33. h5 g5 34. Kf1 Ra2 35. Rb7 Kf6 36. Rc7 Rh2 37.
Kg1 Rd2 38. Kf1 Ra2 39. Rb7 Kg7 40. Rc7 Kg8 41. Rc8+ Kg7 42. Rc7 e5 43. Re7 Kf6 44. Rb7 Ra4 45. Rb6+ Kg7 46. Kf2 Rf4 47. Ke3 e4 48.
fxe4 Rxg4 49. e5 Kf8 50. Rxh6 Rh4 51. Kf3 Kg7 52. Kg3 Kxh6 0-1

[Event "*** Titled Tuesday Blitz"]
[Site "Chess.com"]
[Date "2021.03.30"]
[Round "2"]
[White "Msb2"]
[Black "Szparu"]
[Result "1-0"]
[WhiteElo "2917"]
[BlackElo "2578"]
[TimeControl "180+1"]
[EndTime "10:17:58 PDT"]
[Termination "Msb2 won on time"]

1. d4 Nf6 2. Nf3 g6 3. Nc3 d5 4. Bf4 Bg7 5. e3 c5 6. Nb5 Na6 7. h3 O-O 8. c3 Bd7 9. a4 Ne4 10.
Be2 Qb6 11. O-O c4 12. Nd2 Nxd2 13. Qxd2 Bxb5 14. axb5 Qxb5 15. b4 Rfe8 16. Ra5 Qd7 17. Rfa1 Nc7 18. Rxa7 Rxa7 19. Rxa7 Nb5 20. Ra5 Qc6 21.
Bd1 b6 22. Ra2 Nd6 23. Bxd6 Qxd6 24. Bf3 e6 25. Ra7 h5 26. h4 Bf6 27. g3 Re7 28. Ra8+ Kg7 29. Kg2 Qc6 30. Qa2 Re8 31. Ra7 Re7 32. Ra6 e5 33. dxe5 Bxe5 34. Qd2 Rd7 35. Ra1 Qf6 36. Rc1 Qe6 37. Rd1 Qf6 38. Rc1 Qe6 39. Qc2 Qf6 40. Qb2 b5 41. Qd2 Qe6 42. Qa2 Qf6 43. Qa3 Qb6 44. Rd1 Qf6 45. Qa5 Bxc3 46.
Qxb5 Rd6 47. Rxd5 Rxd5 48. Bxd5 Qd6 49. Qxc4 Qxb4 50. Qc7 1-0

[Event "*** Titled Tuesday Blitz"]
[Site "Chess.com"]
[Date "2021.03.30"]
[Round "2"]
[White "Fy_Rakotomaharo"]
[Black "crazyluzhinTh3"]
[Result "1/2-1/2"]
[WhiteElo "2711"]
[BlackElo "2502"]
[TimeControl "180+1"]
[EndTime "10:17:58 PDT"]
[Termination "Game drawn by agreement"]

1. e4 d6 2. d4 Nf6 3. Nc3 g6 4. Nf3 Bg7 5. Be3 c6 6. Qd2 Qa5 7. h3 O-O 8. Bd3 Nbd7 9. O-O e5 10. Bh6 Re8 11. Bxg7 Kxg7 12. a3 Nh5 13. b4 Qc7 14. Ne2 Ndf6 15. g4 Nxg4 16. hxg4 Bxg4 17. Nh2 Bxe2 18. Qxe2 Nf4 19. Qf3 Qe7 20. Kh1 Qf6 21. dxe5 Rxe5 22. Rg1 Rh5 23. Qg3 Rh3 24. Qg5 Qxg5 25.
Rxg5 Nxd3 26. cxd3 Rxd3 27. Rg3 Rd2 28. Kg2 a5 29.
Rb3 axb4 30. Rxb4 b5 31. a4 bxa4 32. Rbxa4 Rb8 33. R1a2 Rxa2 34. Rxa2 Rb4 35. f3 d5 36. exd5 cxd5 37. Rd2 d4 38. Nf1 Kf6 39. Ng3 Ke5 40.
Ne4 f5 41. Nc5 Kd5 42. Nd3 Rb3 43. Kf2 g5 44. Ke2 h5 45. Ra2 Rb5 46. Ra8 g4 47. Rd8+ Kc4 48. Rc8+ Kd5 49. Rh8 Ra5 50. Rxh5 Ra2+ 51.
Kd1 Kc4 52. Ne5+ Kc3 53. fxg4 d3 54. Nxd3 Kxd3 55. Rh3+ Ke4 56. gxf5 Kxf5 57. Rh4 Kg5 58. Rb4 Ra5 59. Rc4 1/2-1/2

[Event "*** Titled Tuesday Blitz"]
[Site "Chess.com"]
[Date "2021.03.30"]
[Round "2"]
[White "nikitadovbnya2008"]
[Black "hypert"]
[Result "0-1"]
[WhiteElo "2196"]
[BlackElo "2524"]
[TimeControl "180+1"]
[EndTime "10:17:59 PDT"]
[Termination "hypert won by resignation"]

1. e4 c5 2. Nf3 a6 3. c4 Nc6 4. d4 cxd4 5. Nxd4 e5 6. Nf5 d6 7.
Nc3 Bxf5 8. exf5 Be7 9. Qg4 g6 10. fxg6 hxg6 11. Be3 Nf6 12. Qe2 Nd4 13. Bxd4 exd4 14. Ne4 Nxe4 15. Qxe4 Qa5+ 16. Kd1 Qe5 17. Qxe5 dxe5 18. g4 Kd7 19. Bg2 Rab8 20. h3 f5 21. Re1 Bf6 22. Kc2 e4 23. Rad1 d3+ 24. Kb1 b5 25. c5 Bh4 26. Rf1 Rbd8 27. f3 Rhe8 28.
fxe4 fxe4 29. Rf4 Kc7 30. Bxe4 d2 31. Bxg6 Re5 32. b4 Be1 33. Kc2 a5 34. a3 axb4 35.
axb4 Ra8 36. Rf7+ Kc6 37. Rf6+ Kd7 38. Rd6+ Ke7 39. Bd3 Re3 40. Bxb5 Ra2+ 41. Kb1 Rea3 42. Rd7+ Kf6 43. Rd6+ Kg5 44. Rd5+ Kh4 45. Rh5+ Kg3 46. Rd5 Ra1+ 47. Kc2 R3a2+ 48. Kd3 Rxd1 49. Bc4 Ra3+ 50.
Ke2 Rc1 51. Bd3 d1=Q+ 0-1

[Event "*** Titled Tuesday Blitz"]
[Site "Chess.com"]
[Date "2021.03.30"]
[Round "2"]
[White "MasterMK73"]
[Black "banane_verte"]
[Result "1-0"]
[WhiteElo "2279"]
[BlackElo "2446"]
[TimeControl "180+1"]
[EndTime "10:18:00 PDT"]
[Termination "MasterMK73 won by checkmate"]

1. e4 d5 2. exd5 Qxd5 3. Nc3 Qa5 4. Nf3 Nf6 5. d4 Nc6 6. Be2 Bg4 7. O-O O-O-O 8.
Be3 e5 9. d5 Nxd5 10. Nxd5 Qxd5 11. Qe1 Be7 12. h3 Bh5 13. a3 Qa5 14. b4 Qd5 15. c4 Qd7 16. b5 Bxf3 17. Bxf3 Nd4 18. Bd1 f6 19. a4 Bc5 20. a5 Ne6 21. Bg4 Bxe3 22. Qxe3 Kb8 23. a6 Qe7 24. axb7 Nd4 25. Qc3 h5 26. Bd1 Qc5 27. Ra6 Rd6 28. Re1 Rhd8 29.
Bxh5 Rxa6 30. bxa6 Qb6 31. c5 Qxa6 32. Qb2 Qc6 33. Ra1 Qxc5 34. Qa2 Nc6 35. Bf3 Nd4 36. Qb2 Nxf3+ 37. gxf3 Qb6 38. Qa3 Rd6 39. Qa2 Qc6 40. Rb1 a6 41. Qg8+ Qe8 42. Qxe8+ Rd8 43. Qxd8+ Ka7 44.
Qa8# 1-0